 Dungeon Crawl Stone Soup version 0.20.1-1-g8b1a95d (webtiles) character file.

137 Greyaxe the Skirmisher (level 5, -4/47 HPs)
             Began as a Minotaur Fighter on Aug 13, 2017.
             Slain by a gnoll
             ... wielding a +0 halberd
              (9 damage)
             ... on level 2 of the Dungeon.
             The game lasted 00:10:07 (1455 turns).

Greyaxe the Skirmisher (Minotaur Fighter)           Turns: 1455, Time: 00:10:09

Health: -4/47      AC:  7    Str: 26    XL:     5   Next: 0%
Magic:  4/4        EV:  7    Int:  5    God:
Gold:   100        SH: 10    Dex:  8    Spells: 4/4 levels left

rFire    . . .     SeeInvis .   a - +0 war axe
rCold    . . .     Gourm    .   c - +0 shield
rNeg     . . .     Faith    .   b - +0 scale mail
rPois    .         Spirit   .   (helmet unavailable)
rElec    .         Reflect  .   (no cloak)
rCorr    .         Harm     .   (no gloves)
MR       .....                  (no boots)
Stlth    ..........             (no amulet)
Regen    0.2/turn               (no ring)
MPRegen  0.1/turn               (no ring)

@: mighty
A: retaliatory headbutt, horns 3, clumsy 1, MP-powered wands
a: no special abilities


You were on level 2 of the Dungeon.
You were not hungry.

You visited 1 branch of the dungeon, and saw 2 of its levels.

You collected 100 gold pieces.

Inventory:

Hand Weapons
 a - a +0 war axe (weapon)
Armour
 b - a +0 scale mail (worn)
 c - a +0 shield (worn)
Scrolls
 h - 2 scrolls of identify
 j - a scroll of fear {unknown}
 k - a scroll of teleportation {unknown}
 n - a scroll of magic mapping {unknown}
 o - a scroll of recharging {unknown}
 p - a scroll of remove curse {unknown}
Potions
 e - 2 potions of flight
Comestibles
 f - 2 bread rations
 g - a royal jelly
 i - 3 fruits


   Skills:
 + Level 4.7 Fighting
 + Level 4.3 Axes
 + Level 4.2 Armour
 + Level 0.2 Dodging
 + Level 0.1 Stealth
 + Level 4.3 Shields


You had 4 spell levels left.
You didn't know any spells.

Dungeon Overview and Level Annotations

Branches:
Dungeon (2/15)

Altars:
Elyvilon


Innate Abilities, Weirdness & Mutations

You reflexively headbutt those who attack you in melee.
You have a pair of large horns on your head.
You are clumsy. (Dex -2)
You expend magic power (3 MP) to strengthen your wands.


Message History

You block the gnoll's attack. You block the gnoll's attack.
The gnoll hits you but does no damage. The gnoll hits you but does no damage.
The gnoll hits you but does no damage.
Your transformation is almost over.
You block the gnoll's attack. You block the gnoll's attack.
You block the gnoll's attack. You block the gnoll's attack.
The gnoll hits you but does no damage. The gnoll hits you but does no damage.
You block the gnoll's attack. The gnoll hits you but does no damage.
You feel less wooden.
Your +0 scale mail unmelds from your body.
The gnoll hits you from afar with a halberd.
* * * LOW HITPOINT WARNING * * *
The gnoll hits you from afar with a halberd!
You die...

.......................<####..
.....................##.......
...##..............##.......
..........##.####.##.......
#................##.......
#.......###.#.............
#.(.....# #.#.##.##.......
##.....####....[.##.......
#......g)@...........รท....
#.......##....#####.......
######.......#...#######.......
#............##...####P...###.##
#..#.........##....##>.....###.#
..#.....#######..#.#..)P....##.#
....#### ##........PP...##.#
....# ##<....##.##....#..#
..###########....#.##.##....#.##


You could see a gnoll.

Vanquished Creatures
  2 adders (D:2)
  3 gnolls (D:2)
  An ooze (D:1)
  An adder zombie (D:2)
  An adder skeleton (D:2)
  A worm (D:2)
  3 dart slugs
  3 leopard geckos
  9 bats
  4 giant cockroaches
  6 goblins
  5 hobgoblins
  10 jackals
  A ball python (D:1)
  5 frilled lizards
  2 jackal zombies (D:2)
  6 kobolds
  6 rats
  A withered plant (D:2)
70 creatures vanquished.

Notes
Turn   | Place    | Note
-------+----------+-------------------------------------------
     0 | D:1      | Greyaxe the Minotaur Fighter began the quest for the Orb.
     0 | D:1      | Reached XP level 1. HP: 19/19 MP: 0/0
   229 | D:1      | Reached XP level 2. HP: 27/27 MP: 1/1
   643 | D:1      | Reached XP level 3. HP: 30/33 MP: 2/2
  1073 | D:2      | Reached XP level 4. HP: 39/41 MP: 3/3
  1309 | D:2      | Found a white marble altar of Elyvilon.
  1417 | D:2      | Gained mutation: You are clumsy. (Dex -2) [potion of mutation]
  1417 | D:2      | Gained mutation: You expend magic power (3 MP) to strengthen your wands. [potion of mutation]
  1417 | D:2      | Gained mutation: You have a pair of large horns on your head. [potion of mutation]
  1423 | D:2      | HP: 3/61 [gnoll/club (4)]
  1426 | D:2      | Reached XP level 5. HP: 10/47 MP: 4/4
  1455 | D:2      | Slain by a gnoll

Skill      XL: |  1  2  3  4 |
---------------+-------------+-----
Fighting       | 4 |  4.7
Armour         | 4 |  4.2
Axes           | 3 4 |  4.3
Shields        | 4 |  4.3
Dodging        | |  0.2
Stealth        | |  0.1

Action                   |  1- 3 |  4- 6 || total
-------------------------+-------+-------++-------
Melee: War axe           |   117 |    59 ||   176
       Headbutt          |    18 |     6 ||    24
  Use: Potion            |     1 |     4 ||     5
       Scroll            |     1 |       ||     1
  Eat: Fruit             |     1 |       ||     1
       Bread ration      |       |     1 ||     1
Armor: Scale mail        |    80 |    28 ||   108
       Skin              |       |    20 ||    20
Dodge: Dodged            |    42 |    15 ||    57
Block: Shield            |    62 |    54 ||   116
